 Dungeon Crawl Stone Soup version 0.28.0-49-g6dfe1f597d (webtiles) character file.

Game seed: 12113491738700841795

69429 Dreadrock the Tortoise (level 14, -16/208 HPs)
             Began as a Deep Dwarf Berserker on May 12, 2022.
             Was a Priest of Trog.
             Demolished by an orc knight
             ... wielding a +2 great sword
              (25 damage)
             ... on level 2 of the Orcish Mines.
             The game lasted 01:43:43 (24365 turns).

Dreadrock the Tortoise (Deep Dwarf Berserker)      Turns: 24365, Time: 01:43:44

Health: -16/208    AC: 24    Str: 26    XL:     14   Next: 90%
Magic:  0/0        EV: 11    Int:  8    God:    Trog [***...]
Gold:   1785       SH: 13    Dex: 15    Spells: 13/13 levels left

rFire   + + +      SeeInvis .   g - +6 shillelagh "Devastator" {shatter}
rCold   + + .      Faith    .   k - +0 kite shield
rNeg    + . .      Spirit   .   z - +7 Kryia's mail coat {PotionHeal*2 rC+}
rPois   .          Reflect  .   N - +1 helmet of Sodimul {*Corrode rF+++ Dex+3}
rElec   .          Harm     .   o - +0 cloak
rCorr   .          Rampage  .   (no gloves)
Will    ++++.                   x - +0 pair of boots
Stlth   ..........              (no amulet)
HPRegen 1.00/turn               v - ring of flight
MPRegen 0.07/turn               G - ring of protection from cold

@: berserking, strong-willed, flying, regenerating, very quick
A: damage resistance, heal wounds, negative energy resistance 1, sense
surroundings 2, no regeneration
a: Heal Wounds, Renounce Religion, Berserk, Trog's Hand


You were on level 2 of the Orcish Mines.
You worshipped Trog.
Trog was most pleased with you.
You visited 5 branches of the dungeon, and saw 21 of its levels.

You collected 1785 gold pieces.

Inventory:

Hand Weapons
 a - a +0 hand axe
 g - the +6 shillelagh "Devastator" (weapon) {shatter}
   (You found it on level 2 of the Dungeon)

   It releases a powerful concussive burst when it strikes, dealing extra damage
   to the target and all other foes adjacent to them.
 w - a +2 vorpal morningstar
Missiles
 F - 2 throwing nets
Armour
 k - a +0 kite shield (worn)
 o - a +0 cloak (worn)
 x - a +0 pair of boots (worn)
 z - the +7 Kryia's mail coat (worn) {PotionHeal*2 rC+}
   (You found it on level 11 of the Dungeon)

   Potions are twice as effective at healing its wearer.
   rC:        It protects you from cold.
 C - +3 swamp dragon scales
 H - a +0 plate armour
 K - a +3 plate armour of poison resistance
 N - the +1 helmet of Sodimul (worn) {*Corrode rF+++ Dex+3}
   (You found it on level 10 of the Dungeon)

   Dex:       It affects your dexterity (+3).
   rF:        It renders you almost immune to fire.
   *Corrode:  It may corrode you when you take damage.
Jewellery
 m - a ring of see invisible
 v - a ring of flight (left hand)
 G - a ring of protection from cold (right hand)
 T - a ring of protection from cold
Wands
 e - a wand of polymorph (13)
 t - a wand of paralysis (17)
 B - a wand of iceblast (22)
 J - a wand of flame (16)
 O - a wand of acid (8)
Scrolls
 b - a scroll of brand weapon
 d - 4 scrolls of enchant weapon
 f - a scroll of silence
 j - 8 scrolls of teleportation
 n - 3 scrolls of fog
 q - a scroll of acquirement
 y - 7 scrolls of fear
 I - 2 scrolls of magic mapping
 L - a scroll of summoning
 R - a scroll of vulnerability {unknown}
Potions
 c - 4 potions of attraction {unknown}
 h - 3 potions of might {unknown}
 i - 3 potions of invisibility {unknown}
 l - 2 potions of degeneration {unknown}
 p - a potion of berserk rage {unknown}
 s - 5 potions of mutation {unknown}
 u - 2 potions of magic {unknown}
 A - 2 potions of lignification {unknown}
 D - 4 potions of curing
 M - a potion of brilliance {unknown}
 S - a potion of flight {unknown}
 U - 2 potions of haste
Miscellaneous
 E - a box of beasts


   Skills:
 + Level 12.6 Fighting
 - Level 6.0(11.1) Axes
 + Level 13.2(13.6) Maces & Flails
 + Level 17.6 Armour
 - Level 3.0 Dodging
 + Level 14.4 Shields


You had 13 spell levels left.
You didn't know any spells.
Your spell library was empty.

Dungeon Overview and Level Annotations

Branches:
Dungeon (11/15)            Temple (1/1) D:4            Lair (6/6) D:10
  Swamp (0/4) Lair:4        Snake (0/4) Lair:2        Slime (1/5) Lair:6
    Orc (2/2) D:10            Elf (0/3) Orc:2

Altars:
Ashenzari
Cheibriados
Dithmenos
Gozag
Kikubaaqudgha
Makhleb
Vehumet
The Shining One
Jiyva

Shops:
D:10 [

Portals:
Trove: D:10 (give +6 ice dragon scales)


Innate Abilities, Weirdness & Mutations

You are resistant to damage.
You can heal yourself by infusing magical energy.
You resist negative energy. (rN+)
You passively map the area around you.
You do not regenerate.


Message History

* * * LOW HITPOINT WARNING * * *
An orc comes into view. It is wielding a +0 short sword.
The orc high priest mumbles some strange prayers to Beogh against you.
Beogh smites you!
* * * LOW HITPOINT WARNING * * *
The +7 Kryia's mail coat enhances the healing.
You feel much better.
An orc warrior comes into view. It is wielding a +0 scimitar.
The orc knight hits you with a +1 great mace of protection!!
* * * LOW HITPOINT WARNING * * *
You block the orc knight's attack.
The orange demon stings you but does no damage.
You hear a shout!
Okay, then.
Your skin crawls.
You feel strong-willed. You block the sixfirhy's attack.
The soul eater draws from the surrounding life force!
The sixfirhy hits you but does no damage.
The orc knight unwields a +1 arbalest of freezing.
The orc knight wields a +0 battleaxe.
You block the orc knight's attack. The orc knight barely misses you.
The orc knight hits you with a +2 great sword!!
* * * LOW HITPOINT WARNING * * *
The orc high priest shouts, "You are a heretic and must be destroyed!"
You block the orange demon's attack.
A red film seems to cover your vision as you go berserk!
You feel yourself moving faster!
You feel mighty!
You can no longer call in reinforcements.
The sixfirhy hits you.
* * * LOW HITPOINT WARNING * * *
The sixfirhy shocks you!
* * * LOW HITPOINT WARNING * * *
The sixfirhy hits you.
* * * LOW HITPOINT WARNING * * *
The sixfirhy shocks you!
* * * LOW HITPOINT WARNING * * *
You block the orc knight's attack. x2
The orc knight hits you with a +2 great sword!!
You die...

*,..............#....#.####..
#####...#######.......###.#
#.......## #........####
#..#...#..# #.....#.## #
*#.........## #...#####
#...#...#...# #####
#...........## ....#...#....#
........o3@..# ...#...#ooo.#
.......4))..# ...#..o#3...# *
..........## * .#...#.o.#
........## * .#.. #..# ...
..##


You could see 3 orc knights, a soul eater (summoned), an orc high priest
(strong), an orange demon (summoned), a sixfirhy (summoned), an orc warrior
(strong) and an orc (strong).

Vanquished Creatures
  An orc warlord (Orc:2)
  Josephine (D:11)
  10 hydras
  2 catoblepae
  Erica (D:8)
  2 two-headed ogres
  A fire crab (Lair:4)
  A goliath frog (Lair:6)
  Pikel (D:7)
  A deep elf pyromancer (D:11)
  An orc knight (Orc:1)
  A necromancer (Lair:3)
  An orc sorcerer (Orc:2)
  A will-o-the-wisp (Lair:4)
  24 elephants
  5 centaur zombies
  6 black mambas
  2 torpor snails
  Maggie (D:7)
  15 cane toads
  An unseen horror (D:11)
  7 rime drakes
  8 komodo dragons
  4 polar bears
  2 hornets
  Prince Ribbit (D:5)
  2 trolls
  4 tyrant leeches (Lair:6)
  16 dream sheep
  23 blink frogs
  Grinder (D:3)
  4 wraiths (D:11)
  A shadow (D:9)
  A vampire (D:9)
  3 fire bats (Lair:3)
  21 wyverns
  53 yaks
  Grum (D:10)
  4 basilisks
  2 fire elementals (Lair:3)
  A steam dragon (D:9)
  7 vampire mosquitoes
  Menkaure (D:4)
  4 nagas (Lair:2)
  3 wargs
  An acid dragon (D:7)
  19 water moccasins
  A sky beast (D:4)
  17 orc warriors
  2 elephant zombies (Lair:3)
  9 ogres
  2 black bears
  A necrophage (D:5)
  14 wolves
  2 centaurs
  2 kobold brigands
  A komodo dragon zombie (Lair:3)
  3 lemures (D:7)
  Blork the orc (D:4)
  3 phantoms
  17 bullfrogs
  3 scorpions
  A gnoll sergeant (D:8)
  A water moccasin skeleton (D:6)
  10 killer bees
  12 wights
  An electric eel (Lair:3)
  A lava snake (Lair:3)
  3 hounds (D:4)
  3 gnoll shamans
  18 orc priests
  Crazy Yiuf (D:5)
  Terence (D:3)
  A bullfrog skeleton (D:5)
  2 iguanas
  13 orc wizards
  3 hell rats (Lair:6)
  3 killer bee zombies
  A hound zombie (D:5)
  4 hound skeletons (D:4)
  A howler monkey zombie (D:9)
  2 howler monkey skeletons
  13 adders
  16 gnolls
  A white imp (D:4)
  An ufetubus (D:5)
  An adder skeleton (D:4)
  A worm (D:4)
  3 dart slugs
  72 orcs
  7 ball pythons
  4 bats
  13 endoplasms
  7 giant cockroaches
  5 goblins
  11 hobgoblins
  6 jackals
  5 quokkas
  3 frilled lizards
  A goblin zombie (D:4)
  2 hobgoblin zombies (D:4)
  19 kobolds
  3 kobold skeletons (D:4)
  A kobold zombie (D:4)
  3 orc skeletons (D:4)
  A quokka skeleton (D:4)
  2 rats (D:3)
634 creatures vanquished.

Vanquished Creatures (others)
  A killer bee (D:9)
  An orc priest (Orc:2)
  10 foxfires (Lair:4)
  48 fungi
  132 plants
192 creatures vanquished.

Grand Total: 826 creatures vanquished

Notes
Turn   | Place    | Note
-------+----------+-------------------------------------------
     0 | D:1      | Dreadrock the Deep Dwarf Berserker began the quest for the
                  | Orb.
     0 | D:1      | Reached XP level 1. HP: 20/20 MP: 1/1
   204 | D:1      | Reached XP level 2. HP: 18/27 MP: 2/2
   655 | D:1      | Reached XP level 3. HP: 12/34 MP: 3/3
   757 | D:1      | Found a faded altar of an unknown god.
  1048 | D:2      | Found the +6 shillelagh "Devastator" {shatter}
  1106 | D:2      | Found a shadowy altar of Dithmenos.
  1439 | D:2      | Reached skill level 3 in Armour
  1495 | D:2      | Reached ** piety under Trog
  1830 | D:3      | Reached XP level 4. HP: 40/42 MP: 4/4
  1836 | D:3      | Noticed Grinder
  1844 | D:3      | Killed Grinder
  1845 | D:3      | Reached skill level 1 in Maces & Flails
  1845 | D:3      | Reached skill level 1 in Shields
  1845 | D:3      | Reached XP level 5. HP: 41/50 MP: 5/5
  1850 | D:3      | Found an ancient bone altar of Kikubaaqudgha.
  2013 | D:3      | Found a radiant altar of Vehumet.
  2013 | D:3      | Found a broken altar of Ashenzari.
  2032 | D:3      | Reached XP level 6. HP: 47/57 MP: 6/6
  2178 | D:3      | Noticed Terence
  2181 | D:3      | Killed Terence
  2412 | D:4      | Found a glowing golden altar of the Shining One.
  2542 | D:4      | Noticed Menkaure
  2553 | D:4      | Killed Menkaure
  2554 | D:4      | Reached skill level 4 in Armour
  2566 | D:4      | Noticed a sky beast
  2579 | D:4      | Killed a sky beast
  2580 | D:4      | Reached skill level 5 in Axes
  2580 | D:4      | Reached XP level 7. HP: 40/64 MP: 7/7
  2644 | D:4      | Noticed Blork the orc
  2645 | D:4      | Reached *** piety under Trog
  2656 | D:4      | Killed Blork the orc
  3069 | D:4      | Reached skill level 5 in Armour
  3069 | D:4      | Reached XP level 8. HP: 38/73 MP: 6/6
  3071 | D:4      | Reached **** piety under Trog
  3262 | D:4      | Found a staircase to the Ecumenical Temple.
  3393 | Temple   | Entered the Ecumenical Temple
  3440 | D:5      | Entered Level 5 of the Dungeon
  3481 | D:5      | Found a runed translucent door.
  3482 | D:5      | Noticed Crazy Yiuf
  3519 | D:5      | Reached skill level 5 in Fighting
  4010 | D:5      | You are sucked into a shaft and drop 2 floors!
  4066 | D:7      | Found a burning altar of Makhleb.
  4238 | D:5      | Reached skill level 6 in Armour
  4238 | D:5      | Reached skill level 5 in Shields
  4354 | D:5      | Noticed Prince Ribbit
  4371 | D:5      | Killed Prince Ribbit
  4372 | D:5      | Gained mutation: You passively map the area around you.
                  | [Deep Dwarf growth]
  4372 | D:5      | Reached XP level 9. HP: 53/81 MP: 7/7
  4684 | D:5      | Killed Crazy Yiuf
  4816 | D:5      | Identified a scroll of acquirement
  4979 | D:6      | Reached skill level 5 in Maces & Flails
  5213 | D:6      | Found an opulent altar of Gozag.
  6066 | D:7      | Reached skill level 7 in Armour
  6153 | D:7      | Reached ***** piety under Trog
  6359 | D:7      | Noticed Maggie
  6372 | D:7      | Killed Maggie
  6789 | D:7      | Noticed Pikel
  6800 | D:7      | Killed Pikel
  7024 | D:7      | Reached XP level 10. HP: 65/92 MP: 8/8
  7523 | D:8      | Noticed Erica
  7534 | D:8      | Killed Erica
  7535 | D:8      | Reached skill level 8 in Armour
  7791 | D:8      | Received a gift from Trog
  8091 | D:9      | Noticed a two-headed ogre
  8099 | D:9      | Killed a two-headed ogre
  8100 | D:9      | Reached skill level 9 in Armour
  8466 | D:9      | Reached skill level 10 in Armour
  8563 | D:9      | Found a snail-covered altar of Cheibriados.
  9050 | D:10     | Entered Level 10 of the Dungeon
  9061 | D:10     | Noticed Grum
  9063 | D:10     | Reached XP level 11. HP: 82/103 MP: 8/8
  9074 | D:10     | Killed Grum
  9101 | D:10     | Reached skill level 11 in Armour
  9105 | D:10     | Found a staircase to the Orcish Mines.
  9213 | D:10     | Received a gift from Trog
  9352 | D:10     | Found a staircase to the Lair.
  9536 | D:10     | Identified the +1 helmet of Sodimul {*Corrode rF+++ Dex+3}
  9646 | D:10     | Found a portal to a secret trove of treasure.
  9889 | D:10     | Found Enysixt's Armour Shoppe.
 10348 | D:11     | Noticed a deep elf pyromancer
 10360 | D:11     | Noticed Josephine
 10362 | D:11     | Killed a deep elf pyromancer
 10375 | D:11     | Killed Josephine
 10376 | D:11     | Reached skill level 12 in Armour
 10700 | D:11     | Reached skill level 10 in Shields
 10747 | D:11     | Found the +7 Kryia's mail coat {PotionHeal*2 rC+}
 10798 | D:11     | Noticed a centaur warrior
 10882 | Lair:1   | Entered Level 1 of the Lair of Beasts
 10977 | Lair:1   | Noticed a six-headed hydra
 10989 | Lair:1   | Killed a six-headed hydra
 11119 | Lair:1   | Reached skill level 13 in Armour
 11119 | Lair:1   | Reached XP level 12. HP: 113/114 MP: 5/5
 11206 | Lair:1   | Noticed a four-headed hydra
 11221 | Lair:1   | Killed a four-headed hydra
 11827 | Lair:2   | Noticed a six-headed hydra
 11833 | Lair:2   | Killed a six-headed hydra
 11931 | Lair:2   | Received a gift from Trog
 12131 | Lair:2   | Found a staircase to the Snake Pit.
 12320 | Lair:2   | Reached skill level 10 in Maces & Flails
 12513 | Lair:2   | Reached skill level 14 in Armour
 12586 | Lair:2   | Reached skill level 10 in Fighting
 13511 | Lair:3   | Reached skill level 15 in Armour
 13522 | Lair:3   | Reached XP level 13. HP: 73/124 MP: 6/6
 14338 | Lair:4   | Found a staircase to the Swamp.
 14702 | Lair:4   | Reached skill level 16 in Armour
 14984 | Lair:4   | Found a transporter.
 14986 | Lair:4   | Found a transporter.
 16458 | Lair:6   | Entered Level 6 of the Lair of Beasts
 16702 | Lair:6   | Gained mutation: You resist negative energy. (rN+) [Deep
                  | Dwarf growth]
 16702 | Lair:6   | Reached XP level 14. HP: 136/136 MP: 1/1
 16975 | Lair:6   | Reached skill level 17 in Armour
 17089 | Lair:6   | Identified the +1 helmet "Gesuku" {+Blink rElec Regen+
                  | Dex-3}
 17675 | Lair:6   | Found a staircase to the Slime Pits.
 17680 | Lair:6   | Found a viscous altar of Jiyva.
 23032 | Lair:6   | Identified the +0 scale mail "Ilote" {rElec rCorr Str+6
                  | Slay-5}
 23252 | Slime:1  | Entered Level 1 of the Pits of Slime
 23255 | Slime:1  | Noticed a rockslime
 23530 | Orc:1    | Entered Level 1 of the Orcish Mines
 23778 | Orc:2    | Entered Level 2 of the Orcish Mines
 24004 | Orc:2    | Found a staircase to the Elven Halls.
 24211 | Orc:2    | Noticed an orc warlord
 24254 | Orc:2    | Killed an orc warlord
 24365 | Orc:2    | HP: 9/208 [sixfirhy[an orc high priest] (11)]
 24365 | Orc:2    | Demolished by an orc knight

Illustrated notes

Levels and vault maps discovered:
D:1:      minmay_arrival_glassed_features, layout_basic,
          shapermc_ecumenical_altar_notcrosses, chequers_decorated_corner
D:2:      layout_rooms, basic_altar, kennysheep_generic_room_15
D:3:      layout_basic, mainiacjoe_overflow_cross_hatched,
          chequers_temple_overflow_statue_of_worship, uniq_grinder, uniq_terence
D:4:      layout_basic, nicolae_tso_besieged_by_evil,
          minmay_temple_entry_sparse_star, minmay_joined_circles,
          uniq_blork_the_orc, uniq_menkaure
D:5:      layout_cave_pods, uniq_prince_ribbit1, uniq_crazy_yiuf_cottage
D:6:      layout_basic, grunt_gozag_breadcrumbs, nicolae_ossuary_entry_plus
D:7:      layout_layer_cave, mainiacjoe_overflow_small_starburst,
          grunt_decor_cap, uniq_pikel, uniq_maggie
D:8:      layout_loops_ring, uniq_erica
D:9:      minmay_thinvault, layout_small_grid, cheibriados_altar_1
D:10:     layout_loops_corners, lair_entry_dummy, erik_orc_3, serial_shops,
          shop, trove_entry_hex_spiral, grunt_ministairs_11, uniq_grum
D:11:     layout_irregular_city, uniq_josephine
Temple:   regret_index_temple_generic_petals
Lair:1:   layout_chaotic_city, ldierk_geyser, wad_woods_river_01,
          grunt_megastairs_3
Lair:2:   layout_cave_pods, minmay_snake_entry_guardpost_small,
          grunt_megastairs_1
Lair:3:   pond_and_an_island_with_a_cottage, layout_gridlike,
          serial_bayou_shore_a
Lair:4:   gammafunk_boulding_lane, layout_concentric_octagons,
          minmay_swamp_entry_wisps, infiniplex_staircase_pool_2
Lair:5:   layout_cave_pods, chequers_serial_rivers_small_a
Lair:6:   minmay_lair_end_frog_pond, layout_cave_pods, slime_altar_1,
          gauntlet_entry_generic, special_room [special_room_mythical_zoo],
          enter_volcano_2, st_stairs_4, grunt_forest_small_clearing_treed
Slime:1:  cheibrodos_slime_lost_civilization_2, layout_caves
Orc:1:    layout_diamond_mine, dreamdust_deal_with_the_devil, uniq_nergalle,
          uniq_sonja
Orc:2:    st_orc_pillars, layout_diamond_mine

Skill      XL: |  1  2  3  4  5  6  7  8  9 10 11 12 13 14 |
---------------+-------------------------------------------+-----
Fighting       | 3 4 5 6 8 9 10 11 12 | 12.6
Dodging        | 3 |  3.0
Armour         | 3 4 5 6 7 10 13 15 16 17 | 17.6
Axes           | 4 5 6 |  6.0
Maces & Flails | 1 2 3 4 6 7 9 10 12 13 | 13.2
Shields        | 1 2 3 5 7 8 10 11 13 14 | 14.4

Action                   |  1- 3 |  4- 6 |  7- 9 | 10-12 | 13-15 || total
-------------------------+-------+-------+-------+-------+-------++-------
Melee: Hand axe          |   105 |       |       |       |       ||   105
       Punch             |     1 |       |       |       |       ||     1
       Shillelagh        |    18 |    44 |   189 |   419 |   658 ||  1328
Invok: Berserk           |       |       |     2 |     8 |    13 ||    23
       Trog's Hand       |       |       |       |     3 |    34 ||    37
       Brothers in Arms  |       |       |       |       |     1 ||     1
 Abil: Heal Wounds       |     2 |     1 |     8 |    19 |    15 ||    45
  Use: Scroll            |       |       |     5 |     5 |     9 ||    19
       Potion            |       |       |       |       |     5 ||     5
Armor: Animal skin       |    14 |       |       |       |       ||    14
       Leather armour    |     7 |       |       |       |       ||     7
       Ring mail         |    14 |     4 |    14 |       |       ||    32
       Scale mail        |       |       |    37 |    95 |   506 ||   638
       Swamp dragon scal |       |       |     3 |   134 |       ||   137
       Acid dragon scale |       |       |     1 |       |       ||     1
Dodge: Dodged            |    68 |    11 |    67 |   176 |   270 ||   592
Block: Kite shield       |       |    14 |    98 |   315 |   470 ||   897
